 Dungeon Crawl Stone Soup version 0.27.1-34-g3ba077fa99 (webtiles) character file.

Game seed: 9138961751923911762

4 growler the Magician (level 1, 0/15 HPs)
             Began as a Djinni Earth Elementalist on Jan 13, 2022.
             Slain by a hobgoblin (4 damage)
             ... on level 1 of the Dungeon.
             The game lasted 00:00:53 (136 turns).

growler the Magician (Djinni Earth Elementalist)     Turns: 136, Time: 00:00:54

Health: 0/15       AC:  2    Str:  7    XL:     1   Next: 66%
Gold:   26         EV: 12    Int: 16    God:
                   SH:  0    Dex: 13

rFire    + + .     SeeInvis .   (no weapon)
rCold    x . .     Faith    .   (no shield)
rNeg     . . .     Spirit   .   b - +0 robe
rPois    ∞         Reflect  .   (no helmet)
rElec    .         Harm     .   (no cloak)
rCorr    .         Rampage  .   (no gloves)
Will     .....                  (boots unavailable)
Stlth    ++........             (no amulet)
HPRegen  0.05/turn              (no ring)
MPRegen  0.00/turn              (no ring)

@: flying
A: sickness immunity, fire resistance 2, cold vulnerability 1, float, innate
caster, hp casting, extra vitality 1
a: no special abilities


You were on level 1 of the Dungeon.
You visited 1 branch of the dungeon, and saw 1 of its levels.

You collected 26 gold pieces.

Inventory:

Missiles
 c - 23 stones
Armour
 b - a +0 robe (worn)
Jewellery
 e - a ring of positive energy
   (You found it on level 1 of the Dungeon)
Scrolls
 d - a scroll of teleportation {unknown}
Potions
 a - a potion of brilliance {unknown}
 f - a potion of heal wounds {unknown}
 g - a potion of lignification {unknown}


   Skills:
 - Level 2.1 Dodging
 - Level 1.5 Stealth
 + Level 2.6 Spellcasting


You couldn't memorise any spells.
You knew the following spells:

 Your Spells              Type           Power      Damage    Failure   Level
a - Sandblast             Erth           20%        2d7       7%          1
b - Petrify               Tmut/Erth      10%        N/A       54%         4
q - Passwall              Tmut/Erth      8%         N/A       10%         2
x - Stone Arrow           Conj/Erth      20%        3d8       21%         3
Your spell library was empty.

Dungeon Overview and Level Annotations

Branches:
Dungeon (1/15)

Altars:


Innate Abilities, Weirdness & Mutations

You are immune to sickness and miasma.
You are immune to poison.
Your flesh is very heat resistant. (rF++)
You are vulnerable to cold. (rC-)
You float through the air rather than walking.
You learn spells naturally, not from books.
Your magical power is your life essence.
You have superior vitality. (+4 HP)


Message History

You reach down and open the door.
There is an open door here.
A ball python comes into view.
The ball python hisses angrily.
A ball python is nearby!
Aim: a ball python (75% to hit)
The blast of sand hits the ball python!
You kill the ball python!
Found a green potion.
f - a green potion An endoplasm comes into view.
Found 10 gold pieces.
Aim: an endoplasm (asleep, 100% to hit)
The blast of sand hits the endoplasm.
You kill the endoplasm!
You now have 26 gold pieces (gained 10).
Found a white potion.
g - a white potion A kobold comes into view.
It is wielding a +0 short sword.
Found 13 gold pieces.
The kobold shouts!
A ball python comes into view.
Aim: a kobold, wielding a +0 short sword and quivering stones (74% to hit)
The blast of sand hits the kobold!
You kill the kobold!
The ball python hisses angrily.
Found 17 stones.
Aim: a ball python (77% to hit)
The blast of sand hits the ball python!
You kill the ball python!
A hobgoblin comes into view.
A hobgoblin is nearby!
Things that are here:
a +0 short sword; 4 stones
Aim: a hobgoblin (wandering, hasn't noticed you, 79% to hit)
The blast of sand hits the hobgoblin.
A hobgoblin is nearby!
You hit the hobgoblin but do no damage. The hobgoblin barely misses you.
You hit the hobgoblin but do no damage. The hobgoblin misses you.
You hit the hobgoblin but do no damage. The hobgoblin closely misses you.
You closely miss the hobgoblin. The hobgoblin hits you.
Aim: a hobgoblin (almost dead, 79% to hit)
The blast of sand hits the hobgoblin but does no damage.
The hobgoblin hits you.
* * * LOW HITPOINT WARNING * * *
Aim: a hobgoblin (almost dead, 79% to hit)
The blast of sand misses the hobgoblin.
* * * LOW HITPOINT WARNING * * *
The hobgoblin hits you.
You die...

#......... #.# ###
#......... .. ..#
#.#####.## #####.
#.# #.# .#
......#####.# #.#
............###.#
................#
............#####
......g@...........
...........#####...
.....$.....#
...........#
...........#
...........#
...........#
.......(...#


You could see a hobgoblin.

Vanquished Creatures
  An endoplasm (D:1)
  2 ball pythons (D:1)
  A kobold (D:1)
4 creatures vanquished.

Notes
Turn   | Place    | Note
-------+----------+-------------------------------------------
     0 | D:1      | growler the Djinni Earth Elementalist began the quest for
                  | the Orb.
     0 | D:1      | Reached XP level 1. HP: 15/15 MP: 0/0
   136 | D:1      | Slain by a hobgoblin

Illustrated notes

Levels and vault maps discovered:
D:1:      nzn_arrival_depleted_hourglass, layout_basic

Action                   || total
-------------------------++-------
Melee: Unarmed           ||     4
 Cast: Sandblast         ||     7
Dodge: Dodged            ||     3
